 Dungeon Crawl Stone Soup version 0.15.2 (webtiles) character file.

1388 GhostOklob the Basher (level 8, -5/68 HPs)
             Began as a Deep Dwarf Berserker on Nov 7, 2015.
             Was a Believer of Trog.
             Slain by an orc
             ... wielding a +0 flail
              (6 damage)
             ... on Level 3 of the Dungeon.
             The game lasted 00:07:12 (1675 turns).

GhostOklob the Basher (Deep Dwarf Berserker)        Turns: 1675, Time: 00:07:12

HP  -5/68        AC  0     Str 21      XL: 8   Next: 40%
MP   2/2         EV 12     Int  8      God: Trog [**....]
Gold 30          SH  0     Dex 14      Spells:  0 memorised,  7 levels left

rFire  . . .     SeeInvis .     s - +0 shortbow
rCold  . . .     Clarity  .     (no armour)
rNeg   . . .     rCorr    .     (no shield)
rPois  .         rRot     .     (no helmet)
rElec  .         Spirit   .     (no cloak)
SustAb .         Warding  .     (no gloves)
rMut   .         Stasis   .     (no boots)
Gourm  .                        (no amulet)
MR     +....                    (no ring)
                                (no ring)

@: non-regenerating, somewhat resistant to hostile enchantments, very unstealthy
A: damage resistance, recharge devices, sense surroundings 1, slow healing 3
a: Device Recharging, Burn Spellbooks, Berserk, Trog's Hand, Renounce Religion


You were on level 3 of the Dungeon.
You worshipped Trog.
Trog was pleased with you.
You were not hungry.

You visited 1 branch of the dungeon, and saw 7 of its levels.

You collected 30 gold pieces.


Innate Abilities, Weirdness & Mutations

You are resistant to damage.
You can recharge devices by infusing magical energy.
You passively map a small area around you.
You do not heal naturally.


   Skills:
 + Level 2.6 Fighting
   Level 10.7 Maces & Flails
 - Level 2.1 Armour
 - Level 2.1 Dodging


You had 7 spell levels left.
You didn't know any spells.

Inventory:

Hand weapons
 s - a +0 shortbow (weapon)
Armour
 f - a +0 cloak
 k - a +0 ring mail
 q - a +0 chain mail
Scrolls
 e - a scroll of identify {unknown}
 l - a scroll of remove curse
 m - 2 scrolls of blinking {unknown}
 o - a scroll of teleportation {unknown}
Potions
 g - a potion of poison {unknown}
 h - a potion of heal wounds {unknown}
 i - a potion of lignification {unknown}
 p - 2 potions of resistance {unknown}

Dungeon Overview and Level Annotations

Branches:
Dungeon (7/15)             Temple (0/1) D:7

Altars:
Cheibriados
Trog

Annotations:
D:3 exclusion: killer bee
D:6 Pikel

#.##.....##.## ##.# ####
#.##..#.###..###.## #
#.##..........#..# ###
#.......######.### #.%
####.#########.# #.. #.#
#.......# #.# ###########.#
#.#####.# #.# ###........##.###.#
#.#### #.# ....# * #......og.#
#....####.# ###.#####.._..##..#
#..#......#
.......##....###..#####....######
.##.##.##.######........####
###.##........##.##.....#
###.......###.##.#####.(##
....####### #.##.#####.(.# #####
#.##.........#
#######.########..(#


You could see an orc.


Message History

You swing at nothing.
The orc hits you with a flail.
You swing at nothing.
The orc hits you with a flail!
* * * LOW HITPOINT WARNING * * *
You swing at nothing.
The orc hits you with a flail.
* * * LOW HITPOINT WARNING * * *
The orc hits you with a flail!
* * * LOW HITPOINT WARNING * * *
You swing at nothing.
The orc misses you.
You swing at nothing.
The orc barely misses you.
You swing at nothing.
The orc hits you with a flail.
* * * LOW HITPOINT WARNING * * *
You swing at nothing.
The orc hits you with a flail!
* * * LOW HITPOINT WARNING * * *
The orc hits you with a flail.
* * * LOW HITPOINT WARNING * * *
You swing at nothing.
The orc closely misses you.
You swing at nothing.
The orc hits you with a flail!
* * * LOW HITPOINT WARNING * * *
You swing at nothing.
The orc barely misses you.
You swing at nothing.
The orc hits you with a flail. The orc barely misses you.
You swing at nothing.
The orc closely misses you.
You swing at nothing.
The orc misses you.
You swing at nothing.
The orc closely misses you.
You swing at nothing.
The orc completely misses you. The orc barely misses you.
You swing at nothing.
The orc closely misses you.
You swing at nothing.
The orc closely misses you.
You swing at nothing.
The orc hits you with a flail.
* * * LOW HITPOINT WARNING * * *
You swing at nothing.
The orc hits you with a flail!
You die...

Action                   |  1- 3 |  4- 6 |  7- 9 || total
-------------------------+-------+-------+-------++-------
Melee: Mace              |    56 |    79 |   162 ||   297
       Flail             |       |       |    20 ||    20
Throw: Javelin           |       |     2 |     2 ||     4
Invok: Berserk           |     1 |     1 |     5 ||     7
       Trog's Hand       |       |       |     3 ||     3
 Abil: Device Recharging |       |     1 |     5 ||     6
Evoke: Wand              |     3 |     4 |    21 ||    28
  Use: Scroll            |       |       |     1 ||     1
 Stab: Sleeping          |       |     1 |       ||     1
  Eat: Chunk             |       |     1 |     2 ||     3
       Meat ration       |       |       |     1 ||     1
       Bread ration      |       |       |     1 ||     1

Vault maps used:
D:1:      lightli_molten_gateway
D:2:      nicolae_overflow_hidden_temple, grunt_dithmenos_smoke,
          uniq_crazy_yiuf_cottage, uniq_terence, uniq_sigmund
D:3:      first_bread, cheibriados_altar_1, uniq_grinder
D:4:      minivault_1
D:5:      lemuel_round_altar, lemuel_doored_altar, dk_yredelemnul_ordeal,
          uniq_eustachio, uniq_menkaure
D:6:      kennysheep_little_box, serial_shops, shop, nicolae_shop_waterfront,
          gup_sewer_entry_spiral, uniq_prince_ribbit1, uniq_pikel
D:7:      trog_ov_bears_minmay, minmay_temple_entry_trees, serial_shops, shop,
          uniq_edmund

Notes
Turn   | Place    | Note
--------------------------------------------------------------
     0 | D:1      | GhostOklob, the Deep Dwarf Berserker, began the quest for the Orb.
     0 | D:1      | Reached XP level 1. HP: 20/20 MP: 1/1
   132 | D:3      | Reached XP level 2. HP: 21/27 MP: 2/2
   200 | D:3      | Found a snail-covered altar of Cheibriados.
   254 | D:3      | Reached skill level 4 in Maces & Flails
   268 | D:3      | Noticed GhostOklob's ghost (experienced DDBe)
   274 | D:3      | HP: 1/27 [GhostOklob's ghost (7)]
   322 | D:3      | Killed GhostOklob's ghost
   322 | D:3      | Reached skill level 7 in Maces & Flails
   322 | D:3      | Reached XP level 3. HP: 26/33 MP: 3/3
   322 | D:3      | Reached XP level 4. HP: 31/40 MP: 4/4
   322 | D:3      | Reached XP level 5. HP: 35/46 MP: 5/5
   322 | D:3      | Reached XP level 6. HP: 41/55 MP: 6/6
   401 | D:3      | Noticed a killer bee
   401 | D:3      | Noticed a killer bee
   611 | D:4      | Acquired Trog's second power
   761 | D:5      | Entered Level 5 of the Dungeon
   852 | D:6      | Noticed Pikel
   880 | D:7      | Noticed Edmund
   912 | D:7      | Reached skill level 8 in Maces & Flails
   912 | D:7      | Reached XP level 7. HP: 29/61 MP: 6/6
   927 | D:7      | HP: 3/91 [Edmund/runed flail (9)]
  1004 | D:7      | Killed Edmund
  1004 | D:7      | Reached skill level 9 in Maces & Flails
  1202 | D:7      | Found a bloodstained altar of Trog.
  1214 | D:7      | Reached XP level 8. HP: 61/68 MP: 3/3
  1218 | D:7      | Reached skill level 10 in Maces & Flails
  1252 | D:7      | Found a staircase to the Ecumenical Temple.
  1665 | D:3      | HP: 5/68 [orc/flail (8)]
  1674 | D:3      | HP: 1/68 [orc/flail (4)]
  1675 | D:3      | Slain by an orc

Vanquished Creatures
  The ghost of GhostOklob the Basher, an experienced DDBe of Trog (D:3)
  Edmund (D:7)
  A sky beast (D:7)
  An orc warrior (D:7)
  2 black bears (D:7)
  A slave (D:7)
  2 ogres (D:7)
  A centaur (D:7)
  A giant frog (D:5)
  A yak skeleton (D:7)
  A crimson imp (D:7)
  A jelly (D:7)
  An orc priest (D:7)
  2 worker ants
  3 adders
  4 gnolls (D:7)
  A giant gecko (D:7)
  2 oozes (D:3)
  7 orcs
  4 giant cockroaches
  4 goblins
  2 hobgoblins (D:3)
  6 jackals (D:3)
  A kobold (D:3)
  A bat (D:2)
  A hobgoblin zombie (D:5)
  4 rats
57 creatures vanquished.
